 Dungeon Crawl Stone Soup version 0.29.0-13-gc9e81de378 (webtiles) character file.

Game seed: 7130267044619992904

2076 QueenGhuleh the Cleaver (level 9, 0/78 HPs)
             Began as a Minotaur Berserker on Sept 8, 2022.
             Was an Elder of Trog.
             Slain by an orc warrior
             ... wielding a +0 trident
              (13 damage)
             ... on level 6 of the Dungeon.
             The game lasted 00:23:14 (5134 turns).

QueenGhuleh the Cleaver (Minotaur Berserker)        Turns: 5134, Time: 00:23:14

Health: 0/78       AC: 11    Str: 27    XL:     9   Next: 6%
Magic:  8/8        EV:  9    Int:  4    God:    Trog [****..]
Gold:   194        SH:  0    Dex:  9    Spells: 8/8 levels left

rFire   . . .      SeeInvis .   y - +0 war axe
rCold   . . .      Faith    .   (no shield)
rNeg    . . .      Spirit   .   f - +0 chain mail
rPois   .          Reflect  .   (helmet restricted)
rElec   .          Harm     .   (no cloak)
rCorr   .          Rampage  .   (no gloves)
Will    .....                   (no boots)
Stlth   ..........              (no amulet)
HPRegen 0.23/turn               (no ring)
MPRegen 0.11/turn               (no ring)

@: no status effects
A: horns 2, retaliatory headbutt
a: Renounce Religion, Berserk, Trog's Hand, Brothers in Arms


You were on level 6 of the Dungeon.
You worshipped Trog.
Trog was greatly pleased with you.
You visited 1 branch of the dungeon, and saw 6 of its levels.

You collected 194 gold pieces.

Inventory:

Hand Weapons
 a - a +0 hand axe
 y - a +0 war axe (weapon)
Armour
 f - a +0 chain mail (worn)
Jewellery
 d - a ring of protection from cold
 o - a +4 ring of evasion
 s - a ring of fire
 t - an amulet of reflection
 A - a ring of see invisible
Scrolls
 g - 12 scrolls of identify {unknown}
 i - a scroll of immolation {unknown}
 k - a scroll of teleportation {unknown}
 l - 2 scrolls of poison {unknown}
 m - 2 scrolls of enchant armour {unknown}
 n - a scroll of silence {unknown}
 q - a scroll of enchant weapon {unknown}
 u - a scroll of butterflies {unknown}
 v - a scroll of torment {unknown}
 x - 2 scrolls of magic mapping {unknown}
 B - 2 scrolls of amnesia {unknown}
 C - 3 scrolls of blinking {unknown}
Potions
 b - a potion of mutation {unknown}
 c - a potion of resistance {unknown}
 e - a potion of degeneration {unknown}
 h - 2 potions of flight {unknown}
 j - a potion of heal wounds {unknown}
 p - a potion of might
 r - 2 potions of brilliance {unknown}
 w - 2 potions of curing {unknown}
 z - a potion of lignification {unknown}


   Skills:
 + Level 6.9 Fighting
 + Level 10.0 Axes
 + Level 8.3 Armour
 + Level 3.9 Dodging
 + Level 1.2 Stealth


You had 8 spell levels left.
You didn't know any spells.
Your spell library was empty.

Dungeon Overview and Level Annotations

Branches:
Dungeon (6/15)
 Temple: D:4-7

Altars:
Gozag
Ru
Sif Muna
Trog

Shops:
D:2 !


Innate Abilities, Weirdness & Mutations

You have a pair of horns on your head.
You reflexively headbutt those who attack you in melee.


Message History

You hit something but do no damage. Your headbutt misses something.
Something hits you.
You hit something. Trog accepts your kill.
Trog appreciates your killing of a magic user.
Reactivating autopickup.
You feel a bit more experienced.
Things that are here:
a +0 dagger; a +0 robe; an orc corpse An orc warrior is nearby!
Things that are here:
a +0 flail; an orc corpse The orc warrior hits you but does no damage.
Things that are here:
a +0 flail; an orc corpse You closely miss the orc warrior.
Your headbutt misses the orc warrior.
The orc warrior hits you with a +0 trident!
You barely miss the orc warrior.
The orc warrior hits you with a +0 trident!
You are too injured to fight recklessly!
You are too injured to fight recklessly!
You are too injured to fight recklessly!
You are too injured to fight recklessly!
You are too injured to fight recklessly!
You are too injured to fight recklessly!
You barely miss the orc warrior. The orc warrior closely misses you.
You slash the orc warrior!
The orc warrior is moderately wounded.
The orc warrior hits you with a +0 trident.
You closely miss the orc warrior.
The orc warrior is moderately wounded.
The orc warrior hits you with a +0 trident!
You barely miss the orc warrior. Your headbutt misses the orc warrior.
The orc warrior is moderately wounded.
The orc warrior hits you with a +0 trident!
* * * LOW HITPOINT WARNING * * *
You hit the orc warrior but do no damage.
The orc warrior is moderately wounded.
The orc warrior hits you with a +0 trident!
You die...

##...##...###.#.###
##[.####>..#......#####
....####..............###
...##.#..................
....>.....#..............
##....#..###............
.##...#####...........# #
#...# #...........# . #
#..######.....@))##..... #
#.#.#.##....).o).##..... .
#..............)........
....P.........†..†........
...~~~~~≈≈~≈~~~~~~~~≈≈...$
...~≈≈≈≈≈≈≈≈≈≈~~≈~≈≈≈~....
...~≈#####≈~~~~~~≈~~~~....
...~≈#.oo#................
...~≈#...#############''''


You could see an orc warrior.

Vanquished Creatures
  Grinder (D:3)
  An orc warrior (D:4)
  An ice beast (D:6)
  4 ogres
  A centaur (D:5)
  2 phantoms
  A necrophage (D:6)
  3 scorpions
  3 howler monkeys (D:6)
  7 hounds
  A jelly (D:6)
  An orc priest (D:4)
  A gnoll bouda (D:6)
  5 iguanas
  Terence (D:2)
  4 orc wizards
  4 gnolls (D:6)
  8 adders
  A worm (D:4)
  4 dart slugs
  14 orcs
  3 ball pythons
  9 endoplasms
  5 giant cockroaches
  10 goblins
  A hobgoblin (D:3)
  10 jackals
  6 kobolds
  6 quokkas
  5 bats
  A frilled lizard (D:1)
  8 rats
132 creatures vanquished.

Notes
Turn   | Place    | Note
-------+----------+-------------------------------------------
     0 | D:1      | QueenGhuleh the Minotaur Berserker began the quest for the
                  | Orb.
     0 | D:1      | Reached XP level 1. HP: 19/19 MP: 0/0
    74 | D:1      | Reached XP level 2. HP: 10/27 MP: 1/1
   272 | D:1      | Reached skill level 4 in Axes
   654 | D:1      | Reached ** piety under Trog
   655 | D:1      | Reached XP level 3. HP: 33/33 MP: 2/2
   962 | D:2      | Noticed Terence
   978 | D:2      | Killed Terence
   979 | D:2      | Reached skill level 5 in Axes
   979 | D:2      | Reached XP level 4. HP: 34/41 MP: 3/3
  1283 | D:2      | Found Qong's Distillery.
  1476 | D:2      | You fall into a shaft and drop 1 floor!
  1680 | D:3      | Noticed Grinder
  1687 | D:3      | Paralysed by Grinder for 5 turns
  1693 | D:3      | Killed Grinder
  1694 | D:3      | Reached skill level 5 in Fighting
  1694 | D:3      | Reached skill level 6 in Axes
  1694 | D:3      | Reached XP level 5. HP: 18/48 MP: 4/4
  1694 | D:3      | Reached XP level 6. HP: 21/56 MP: 5/5
  2626 | D:4      | Reached skill level 7 in Axes
  2952 | D:4      | Reached *** piety under Trog
  3043 | D:4      | Reached XP level 7. HP: 61/61 MP: 6/6
  3091 | D:4      | Found a shimmering blue altar of Sif Muna.
  3128 | D:4      | Found an opulent altar of Gozag.
  3151 | D:4      | Found a bloodstained altar of Trog.
  3159 | D:4      | Reached skill level 5 in Armour
  3177 | D:4      | Found a sacrificial altar of Ru.
  3455 | D:4      | Reached skill level 8 in Axes
  3848 | D:5      | Entered Level 5 of the Dungeon
  4022 | D:5      | Identified the +3 quarterstaff "Pacocuva" {vorpal, rC-
                  | rN+++ rCorr Stlth+}
  4035 | D:5      | Reached skill level 1 in Stealth
  4036 | D:5      | Reached XP level 8. HP: 66/69 MP: 7/7
  4260 | D:5      | Identified the +2 cloak "Ykaloink" {Will+ Str-3 Dex+2}
  4552 | D:6      | Reached skill level 9 in Axes
  5101 | D:6      | Reached skill level 10 in Axes
  5101 | D:6      | Reached XP level 9. HP: 66/78 MP: 8/8
  5106 | D:6      | Reached **** piety under Trog
  5134 | D:6      | Slain by an orc warrior

Illustrated notes

Levels and vault maps discovered:
D:1:      dpeg_arrival_orchard, layout_rooms
D:2:      layout_basic, serial_shops, shop, minmay_hexomino_f4, uniq_terence
D:3:      layout_basic, uniq_grinder
D:4:      nicolae_cairo_tiling_large_dashed, layout_cave_pods,
          nicolae_overflow_quartered_altars, guppyfry_early_orc_mine
D:5:      layout_rooms
D:6:      lemuel_castle_with_subvaults [lemuel_castle_interior_carwin_3],
          layout_cave_pools, minmay_temple_entry_junction, minivault_24,
          item_on_display_a

Skill      XL: |  1  2  3  4  5  6  7  8 |
---------------+-------------------------+-----
Fighting       | 4 5 6 |  6.9
Axes           | 4 5 6 7 8 10 | 10.0
Armour         | 3 4 6 8 |  8.3
Dodging        | 3 |  3.9
Stealth        | 1 |  1.2

Action                   |  1- 3 |  4- 6 |  7- 9 || total
-------------------------+-------+-------+-------++-------
Melee: Hand axe          |    60 |   111 |    86 ||   257
       Headbutt          |     9 |    22 |    22 ||    53
       Punch             |     2 |       |     4 ||     6
       War axe           |       |       |    70 ||    70
Invok: Berserk           |     1 |     1 |     3 ||     5
Armor: Animal skin       |     8 |       |       ||     8
       Chain mail        |     7 |    57 |    88 ||   152
Dodge: Dodged            |    21 |    44 |    88 ||   153
